 Dungeon Crawl Stone Soup version 0.27-a0-1431-gcffa5a9b16 (webtiles) character file.

Game seed: 2853028381537246481

105 mandarbmax the Stinger (level 4, -1/27 HPs)
             Began as an Octopode Venom Mage on July 3, 2021.
             Slain by an orc (5 damage)
             ... on level 3 of the Dungeon.
             The game lasted 00:06:05 (3743 turns).

mandarbmax the Stinger (Octopode Venom Mage)        Turns: 3743, Time: 00:06:06

Health: -1/27      AC:  1    Str:  4 (7)  XL:     4   Next: 83%
Magic:  0/7        EV: 12    Int: 15 (18) God:
Gold:   169        SH:  3    Dex: 10 (12) Spells: 4/7 levels left

rFire    . . .     SeeInvis .   (no weapon)
rCold    . . .     Faith    .   d - +0 buckler
rNeg     . . .     Spirit   .   (helmet restricted)
rPois    +         Reflect  .   (no amulet)
rElec    .         Harm     .   b - ring of poison resistance
rCorr    .         Rampage  .   (no ring)
Will     .....                  (no ring)
Stlth    +++.......             (no ring)
HPRegen  0.09/turn              (no ring)
MPRegen  0.10/turn              (no ring)
                                (no ring)
                                (no ring)

@: hasted, very quick
A: almost no armour, amphibious, 8 rings, camouflage 1, gelatinous body 1,
(nimble swimmer 1), tentacles
a: no special abilities


You were on level 3 of the Dungeon.
You visited 1 branch of the dungeon, and saw 3 of its levels.

You collected 169 gold pieces.

Inventory:

Armour
 d - a +0 buckler (worn)
Jewellery
 b - a ring of poison resistance (left tentacle)
 f - a ring of ice
Scrolls
 a - a scroll of amnesia
 e - a scroll of identify {unknown}
 h - a scroll of enchant weapon {unknown}


   Skills:
 + Level 3.0 Dodging
 - Level 4.0 Stealth
 - Level 2.0 Spellcasting
 - Level 1.0 Transmutations
 * Level 5.2 Poison Magic


You had 4 spell levels left.
You knew the following spells:

 Your Spells              Type           Power      Damage    Failure   Level
a - Sting                 Tmut/Pois      40%        1d5       11%         1
b - Poisonous Vapours     Pois/Air       18%        N/A       19%         2

Your spell library contained the following spells:

 Spells                   Type           Power      Damage    Failure   Level
 Olgreb's Toxic Radiance  Pois           17%        N/A       38%         4
 Ignite Poison            Fire/Tmut/Pois 7%         N/A       43%         3
 Mephitic Cloud           Conj/Pois/Air  6%         N/A       47%         3
 Ozocubu's Armour         Ice            1%         N/A       73%         3
 Ozocubu's Refrigeration  Ice            0%         4d5       100%        7


Dungeon Overview and Level Annotations

Branches:
Dungeon (3/15)

Altars:

Shops:
D:3 [


Innate Abilities, Weirdness & Mutations

You cannot wear most types of armour.
You are amphibious.
You can wear up to eight rings at the same time.
Your skin changes colour to match your surroundings (Stealth+).
Your rubbery body absorbs attacks. (AC +1, EV +1)
((You are camouflaged near water. (Stealth+)))
You have tentacles for arms and can constrict up to eight enemies at once.


Message History

You block the quokka's attack. The orc hits you with a +0 falchion.
The sting hits the orc but does no damage.
The orc is poisoned.
The quokka bites you. x2
The orc hits you with a +0 falchion.
Your magical contamination has completely faded away.
You are too injured to fight recklessly!
You are too injured to fight recklessly!
Casting: Sting (safe; 9% risk of failure)
Confirm with . or Enter, or press ? or * to list all spells.
Aiming: Sting (safe; 9% risk of failure)
Press: ? - help, Shift-Dir - straight line, f - quokka, p - orc
Aim: a quokka (60% to hit)
The sting hits the quokka.
The quokka is poisoned.
The quokka is lightly wounded.
The quokka misses you. You block the orc's attack.
You tentacle-slap the orc but do no damage.
You grab the orc.
The orc is moderately wounded.
You constrict the orc, but do no damage.
The quokka misses you. The quokka bites you.
* * * LOW HITPOINT WARNING * * *
The orc misses you.
It was a potion of haste.
You feel yourself speed up.
You constrict the orc. The quokka bites you.
* * * LOW HITPOINT WARNING * * *
The orc hits you with a +0 falchion.
* * * LOW HITPOINT WARNING * * *
Unknown command.
It was a potion of degeneration.
There was something very wrong with that liquid.
You feel weakened.
You feel dopey.
You feel clumsy.
You constrict the orc, but do no damage.
The quokka barely misses you.
As you read the scroll labelled VUIZESHR AWODD, it crumbles to dust.
It is a scroll of amnesia.
Forget Ozocubu's Armour, freeing 3 spell levels for a total of 4?
Your memory of Ozocubu's Armour unravels.
You constrict the orc, but do no damage.
The orc looks more healthy.
The orc hits you with a +0 falchion.
You die...

#.......###.#.######..
######..####...............
#####............###.#.#####...
.......<....####.###.#..## #...
#####.......# #.........####..
#.......# #####......÷....
######### #...........
########### ##.#......∩..
........r@####..##.###....
......)..o#....###...#....
.......†....#### #.....##.
...........#######..(#####
.....................# #
..........#######....##
..........# ##....# ...........
####.#### ..........#. #....g


You could see an orc and a quokka (poisoned).

Vanquished Creatures
  4 adders
  A worm (D:2)
  3 dart slugs
  3 orcs (D:2)
  8 endoplasms
  4 goblins
  7 hobgoblins
  2 jackals (D:3)
  2 quokkas
  4 ball pythons
  8 bats
  3 frilled lizards
  4 kobolds
  4 rats
57 creatures vanquished.

Vanquished Creatures (others)
  2 demonic plants (D:1)
  3 fungi (D:1)
  A withered plant (D:1)
6 creatures vanquished.

Grand Total: 63 creatures vanquished

Notes
Turn   | Place    | Note
-------+----------+-------------------------------------------
     0 | D:1      | mandarbmax the Octopode Venom Mage began the quest for the
                  | Orb.
     0 | D:1      | Reached XP level 1. HP: 11/11 MP: 3/3
   486 | D:1      | Reached XP level 2. HP: 17/17 MP: 3/5
   494 | D:1      | Reached skill level 4 in Poison Magic
   591 | D:1      | Learned a level 2 spell: Poisonous Vapours
   968 | D:1      | Found a faded altar of an unknown god.
  1378 | D:1      | Reached XP level 3. HP: 20/21 MP: 0/6
  2113 | D:2      | Learned a level 3 spell: Ozocubu's Armour
  2270 | D:2      | Reached XP level 4. HP: 26/27 MP: 2/7
  2784 | D:2      | Reached skill level 5 in Poison Magic
  3291 | D:3      | Found Onecs's Antique Armour Boutique.
  3743 | D:3      | Slain by an orc

Illustrated notes

Levels and vault maps discovered:
D:1:      psy_arrival_fountain, layout_loops_ring, shapermc_ecumenical_altar_gd,
          glass_columns_a, st_stairs_6
D:2:      layout_loops_ring
D:3:      layout_rooms, grunt_dithmenos_smoke, serial_shops, shop,
          hangedman_feature_mirror, uniq_crazy_yiuf_cottage

Skill      XL: |  1  2  3  4 |
---------------+-------------+-----
Stealth        | 3 4 |  4.0
Poison Magic   | 4 5 |  5.2
Dodging        | 3 |  3.0
Spellcasting   | |  2.0
Transmutations | |  1.0

Action                   |  1- 3 |  4- 6 || total
-------------------------+-------+-------++-------
Melee: Unarmed           |    24 |    23 ||    47
       Constrict         |    15 |     6 ||    21
       Tentacles         |    10 |     1 ||    11
 Cast: Sting             |    45 |    42 ||    87
       Poisonous Vapours |    17 |    12 ||    29
  Use: Potion            |       |     2 ||     2
       Scroll            |       |     1 ||     1
Armor: Skin              |       |     2 ||     2
Dodge: Dodged            |    16 |    32 ||    48
Block: Buckler           |     3 |    16 ||    19

Table legend: (Time is in decaauts)
 A = Elapsed time spent in this place.
 B = Non-inter-level travel time spent in this place.
 C = Inter-level travel time spent in this place.
 D = Time resting spent in this place.
 E = Time spent auto-exploring this place.
 F = Levels seen in this place.
 G = Mean time per level.
                   A        B        C        D        E       F      G
               +--------+--------+--------+--------+--------+-----+--------+
         Total |   3745 |   3691 |     54 |    855 |   2424 |   3 | 1248.3 |
       Dungeon |   3745 |   3691 |     54 |    855 |   2424 |   3 | 1248.3 |
               +--------+--------+--------+--------+--------+-----+--------+

Top non-repeatable levels by time:
     D:2: 1702 daAuts
     D:1: 1539 daAuts
     D:3: 503 daAuts
